 Dungeon Crawl Stone Soup version 0.31-a0-151-ge443d1f16c (webtiles) character file.

Game seed: 618841406588830639

828 qw the Skirmisher (level 7, -2/44 HPs)
             Began as a Gargoyle Hunter on June 8, 2023.
             Slain by Edmund
             ... wielding a +4 dire flail of holy wrath
              (9 damage)
             ... on level 6 of the Dungeon.
             The game lasted 00:01:23 (3854 turns).

qw the Skirmisher (Gargoyle Hunter)                 Turns: 3854, Time: 00:01:23

Health: -2/44      AC: 10    Str: 15    XL:     7   Next: 97%
Magic:  7/7        EV: 12    Int:  9    God:
Gold:   117        SH:  0    Dex: 15    Spells: 6/6 levels left

rFire   . . .        Y - +1 shortbow
rCold   . . .        (shield currently unavailable)
rNeg    + . .        f - +1 robe {Will+}
rPois   inf          h - +2 hat
rElec   +            (no cloak)
rCorr   .            g - +0 pair of gloves
SInv    .            (no boots)
Will    +....        (no amulet)
Stlth   ++           (no ring)
HPRegen 0.27/turn    (no ring)
MPRegen 0.10/turn

%: no passive effects
@: about to teleport
A: sickness immunity, AC +4, negative energy resistance 1, electricity
resistance, torment resistance 1, petrification resistance
a: no special abilities


You were on level 6 of the Dungeon.
You visited 2 branches of the dungeon, and saw 7 of its levels.

You collected 276 gold pieces.
You spent 159 gold pieces at shops.


Innate Abilities, Weirdness & Mutations

You are immune to sickness and miasma.
Your stone body is resilient. (AC +4)
You are immune to poison.
You resist negative energy. (rN+)
You are resistant to electric shocks. (rElec)
You are resistant to unholy torment.
You are immune to petrification.


   Skills:
 - Level 5.1 Fighting
 + Level 8.3 Ranged Weapons
 - Level 1.1 Armour
 - Level 2.0 Dodging
 - Level 1.1 Stealth


You had 6 spell levels left.
You didn't know any spells.
Your spell library was empty.

Inventory:

Hand Weapons
 Y - a +1 shortbow (weapon)
Armour
 d - a +0 ring mail
 f - a +1 robe of willpower (worn)
 g - a +0 pair of gloves (worn)
 h - a +2 hat (worn)
Scrolls
 a - a scroll of teleportation
 e - a scroll of identify
Potions
 b - a potion of haste
 c - 2 potions of mutation
 k - 3 potions of curing
 l - a potion of resistance {unknown}

Dungeon Overview and Level Annotations

Branches:
Dungeon (6/15)             Temple (1/1) D:4

Altars:
Ashenzari
Elyvilon
Fedhas
Gozag
Hepliaklqana
Kikubaaqudgha
Makhleb
Nemelex Xobeh
Qazlal
Uskayaw
Vehumet
Wu Jian
Xom
Zin
The Shining One

Shops:
D:4 **

Annotations:
D:6 Edmund


Message History

The arrow hits Edmund but does no damage.
Edmund shouts!
You shoot an arrow. The arrow hits Edmund.
Edmund is lightly wounded.
You shoot an arrow.
The arrow hits Edmund but does no damage.
Edmund is lightly wounded.
You shoot an arrow.
The arrow hits Edmund but does no damage.
Edmund is lightly wounded.
You shoot an arrow.
The arrow hits Edmund but does no damage.
Edmund is lightly wounded.
You shoot an arrow. The arrow hits Edmund.
Edmund is moderately wounded.
You shoot an arrow. The arrow hits Edmund.
Edmund is moderately wounded.
Edmund closely misses you.
You shoot an arrow. The arrow hits Edmund.
Edmund is heavily wounded.
Edmund barely misses you.
You shoot an arrow. The arrow hits Edmund.
Edmund is severely wounded.
Edmund hits you but does no damage.
You shoot an arrow. The arrow closely misses Edmund.
Edmund hits you with a +4 dire flail of holy wrath!
You shoot an arrow.
The arrow hits Edmund but does no damage.
Edmund is severely wounded.
Edmund hits you with a +4 dire flail of holy wrath!
You shoot an arrow. The arrow hits Edmund.
Edmund is severely wounded.
Edmund hits you with a +4 dire flail of holy wrath.
You shoot an arrow. The arrow closely misses Edmund.
Edmund hits you with a +4 dire flail of holy wrath!
3854 ||| READING 2 scrolls of teleportation.
As you read the scroll of teleportation, it crumbles to dust.
You feel strangely unstable.
Edmund hits you with a +4 dire flail of holy wrath!
You die...

#.............#
#.####.......[# .
#........# .. ##.......#
... #####......)#### ...
#..............# . .!
#.#####+##...#.#
....#.###.#..[#.#....#.#
......@@........>....#.#
.#..######....#.<..#.#.#
........<#.#.#
....#....#.#..
.........#..#.
.........#..._
#####...##.##. ....
#.##. ###.. #.###


You could see Edmund.

Vanquished Creatures
  Eustachio (D:5)
  An ogre (D:6)
  A phantom (D:3)
  A scorpion (D:5)
  4 hounds
  A jelly (D:4)
  An orc priest (D:5)
  3 sleepcaps (D:5)
  Jessica (D:2)
  3 iguanas
  3 adders
  2 shadow imps
  2 worms
  3 dart slugs
  7 orcs
  3 bats (D:1)
  2 endoplasms (D:3)
  2 giant cockroaches
  6 goblins
  6 hobgoblins
  7 kobolds
  A quokka (D:3)
  2 ball pythons
  A frilled lizard (D:1)
  7 rats
71 creatures vanquished.

Notes
Turn   | Place    | Note
-------+----------+-------------------------------------------
     0 | D:1      | qw the Gargoyle Hunter began the quest for the Orb.
     0 | D:1      | Reached XP level 1. HP: 12/12 MP: 1/1
     0 | D:1      | 0 ||| qw: Version: 0.2-a-120-gdf1a93b
     0 | D:1      | 0 ||| qw: Game counter: 3108
     0 | D:1      | 0 ||| qw: Always use a shield: true
     0 | D:1      | 0 ||| qw: God list: Okawaru
     0 | D:1      | 0 ||| qw: Allow faded altars: false
     0 | D:1      | 0 ||| qw: Do Orc after D:15 true
     0 | D:1      | 0 ||| qw: Do second Lair branch before Depths: true
     0 | D:1      | 0 ||| qw: Lair rune preference: random
     0 | D:1      | 0 ||| qw: Plans: Normal
     0 | D:1      | 0 ||| PLANNING D:1-11
   170 | D:1      | Reached XP level 2. HP: 13/17 MP: 2/2
   552 | D:1      | Reached XP level 3. HP: 13/21 MP: 3/3
   991 | D:1      | 991 ||| READING scroll labelled MYRGHU AMUBOE.
   992 | D:1      | 992 ||| READING 3 scrolls labelled SOBUVITYMOX.
   993 | D:1      | 993 ||| READING scroll labelled CASHERRU NALI.
   994 | D:1      | 994 ||| READING scroll labelled ZIORAL BYXYZAR.
   995 | D:1      | 995 ||| READING scroll labelled OLUT JEUSUGRAR.
   998 | D:1      | 998 ||| DROPPING scroll of butterflies.
  1070 | D:2      | Reached skill level 5 in Ranged Weapons
  1208 | D:2      | Noticed Jessica
  1215 | D:2      | Killed Jessica
  1216 | D:2      | Reached skill level 3 in Fighting
  1216 | D:2      | Reached XP level 4. HP: 26/28 MP: 4/4
  1497 | D:2      | 1497 ||| UPGRADING to +0 ring mail.
  1507 | D:2      | 1507 ||| DROPPING +0 leather armour.
  1508 | D:2      | 1508 ||| UPGRADING to +1 robe of willpower.
  1518 | D:2      | 1518 ||| READING 2 scrolls of identify.
  1518 | D:2      | 1518 ||| IDENTIFYING white potion
  2008 | D:3      | Found a stormy altar of Qazlal.
  2091 | D:3      | 2091 ||| UPGRADING to +2 hat.
  2096 | D:3      | 2096 ||| READING 2 scrolls labelled CIOTA MANTOAMI.
  2097 | D:3      | 2097 ||| READING scroll labelled CEUDOI BUDIEDGH.
  2098 | D:3      | 2098 ||| DROPPING scroll of magic mapping.
  2104 | D:4      | Noticed a phantom
  2109 | D:4      | 2109 ||| STAIRDANCE
  2116 | D:3      | Killed a phantom
  2117 | D:3      | Reached skill level 6 in Ranged Weapons
  2117 | D:3      | Reached XP level 5. HP: 27/32 MP: 5/5
  2137 | D:4      | Found Umuotoc's General Store.
  2145 | D:4      | 2145 ||| BUYING potion of mutation (96 gold).
  2145 | D:4      | Bought a potion of mutation for 96 gold pieces
  2145 | D:4      | 2145 ||| BUYING scroll of teleportation (36 gold).
  2145 | D:4      | Bought a scroll of teleportation for 36 gold pieces
  2190 | D:4      | Reached XP level 6. HP: 21/38 MP: 6/6
  2258 | D:4      | Found an opulent altar of Gozag.
  2313 | D:4      | Found a staircase to the Ecumenical Temple.
  2314 | D:4      | 2314 ||| PLANNING TEMPLE
  2314 | D:4      | 2314 ||| DRINKING 2 inky potions.
  2321 | Temple   | Entered the Ecumenical Temple
  2387 | Temple   | 2387 ||| PLANNING D:1-11
  2449 | D:4      | Found a glowing silver altar of Zin.
  2537 | D:4      | Found a blossoming altar of Fedhas.
  2576 | D:4      | Found Vuad's Assorted Antiques.
  2584 | D:4      | 2584 ||| BUYING bubbling black potion (27 gold).
  2584 | D:4      | Bought a bubbling black potion for 27 gold pieces
  2584 | D:4      | 2584 ||| SHOPLISTING scroll of enchant armour (225 gold,
                  | have 39).
  2584 | D:4      | 2584 ||| SHOPLISTING tapered gold wand (120 gold, have 39).
  2584 | D:4      | 2584 ||| SHOPLISTING twisted gold wand (120 gold, have 39).
  2720 | D:4      | 2720 ||| DRINKING 2 bubbling black potions.
  2721 | D:4      | 2721 ||| READING 2 scrolls of identify.
  2721 | D:4      | 2721 ||| IDENTIFYING fuming sapphire potion
  2722 | D:4      | 2722 ||| DROPPING potion of invisibility.
  2723 | D:4      | 2723 ||| DROPPING potion of magic.
  2748 | D:5      | Entered Level 5 of the Dungeon
  2774 | D:5      | Reached skill level 7 in Ranged Weapons
  3080 | D:5      | Reached XP level 7. HP: 43/43 MP: 7/7
  3290 | D:5      | Reached skill level 8 in Ranged Weapons
  3362 | D:5      | Noticed Eustachio
  3385 | D:5      | Killed Eustachio
  3712 | D:5      | 3712 ||| UPGRADING to +0 pair of gloves.
  3717 | D:5      | 3717 ||| DROPPING ring of wizardry.
  3718 | D:5      | 3718 ||| READING 2 scrolls of identify.
  3718 | D:5      | 3718 ||| IDENTIFYING emerald potion
  3719 | D:5      | 3719 ||| DROPPING potion of attraction.
  3730 | D:6      | 3730 ||| PLANNING OSSUARY
  3735 | D:6      | 3735 ||| STAIRDANCE
  3738 | D:5      | Reached skill level 1 in Armour
  3771 | D:6      | Found a broken altar of Ashenzari.
  3840 | D:6      | Noticed Edmund
  3853 | D:6      | HP: 7/44 [Edmund/+4 dire flail of holy wrath (11)]
  3854 | D:6      | 3854 ||| READING 2 scrolls of teleportation.
  3854 | D:6      | Slain by Edmund

Levels and vault maps discovered:
D:1:      onia_arrival_mini_maze, layout_basic, chequers_serial_rivers_small_a
D:2:      layout_rooms, corexii_hall_statues_x, grunt_decor_fettered,
          uniq_jessica
D:3:      layout_basic, mainiacjoe_overflow_surrounded_room,
          nicolae_figureground_sparkle
D:4:      layout_gridville, fedhas_altar_4, nicolae_overflow_crystal_walls,
          kennysheep_little_box, minmay_temple_entry_nine_rooms, serial_shops,
          nicolae_shop_overgrown_old_shop, nicolae_stop_n_shop_2
D:5:      layout_basic, uniq_eustachio
D:6:      layout_basic, nicolae_ru_sacrificial_ziggurat, ashenzari_altar_1,
          old_standard_altar, enter_ossuary_2, uniq_menkaure, uniq_duvessa,
          uniq_edmund
Temple:   eino_temple_lava

Skill      XL: |  1  2  3  4  5  6  7 |
---------------+----------------------+-----
Ranged Weapons | 5 6 7 8 |  8.3
Fighting       | 3 4 5 |  5.1
Dodging        | 2 |  2.0
Armour         | 1 |  1.1
Stealth        | |  1.1

Action                     |  1- 3 |  4- 6 |  7- 9 || total
---------------------------+-------+-------+-------++-------
   Fire: Shortbow          |    94 |   140 |    75 ||   309
    Use: Scroll            |     5 |     4 |     2 ||    11
         Potion            |       |     2 |       ||     2
 Armour: Leather armour    |    10 |       |       ||    10
         Robe              |       |    26 |    10 ||    36
  Dodge: Dodged            |    12 |    29 |    13 ||    54

Table legend:
 A = Non-vault XP
 B = Vault XP
 C = Vault XP percentage of total XP
 D = Non-vault monster count
 E = Vault monster count
 F = Vault count percentage of total count
                 A         B        C        D         E       F
            +---------+---------+-------+---------+---------+-------
      Total |     962 |     221 |  18.7 |      67 |       4 |   5.6
            +---------+---------+-------+---------+---------+-------
        D:1 |      35 |       2 |   5.4 |      20 |       2 |   9.1
        D:2 |      43 |      37 |  46.2 |       8 |       1 |  11.1
        D:3 |     128 |       0 |   0.0 |      10 |       0 |   0.0
        D:4 |     199 |       0 |   0.0 |      14 |       0 |   0.0
        D:5 |     432 |     182 |  29.6 |      14 |       1 |   6.7
        D:6 |     125 |       0 |   0.0 |       1 |       0 |   0.0
            +---------+---------+-------+---------+---------+-------
